 Dungeon Crawl Stone Soup version 0.24-a0-203-gf0bc1e94ae (webtiles) character file.

Game seed: 813454879135113057

44092 Orphidia the Peltast (level 13, -24/153 HPs)
             Began as a Demigod Necromancer on Mar 28, 2019.
             Annihilated by a tentacled starspawn (29 damage)
             ... on level 1 of the Abyss.
             The game lasted 01:05:37 (25937 turns).

Orphidia the Peltast (Demigod Necromancer)         Turns: 25937, Time: 01:05:38

Health: -24/153    AC: 10    Str: 16    XL:     13   Next: 56%
Magic:  30/30      EV: 12    Int: 23    God:
Gold:   1380       SH: 14    Dex: 12    Spells: 13/29 levels left

rFire    + . .     SeeInvis .   a - +3 short sword (elec)
rCold    + . .     Gourm    .   r - +1 shield
rNeg     + . .     Faith    .   R - +2 robe {rC+ rF+}
rPois    .         Spirit   .   (no helmet)
rElec    .         Reflect  .   z - +0 cloak
rCorr    .         Harm     .   u - +0 pair of gloves
MR       +....     Rnd*Tele +   B - +0 pair of boots
Stlth    ..........             (no amulet)
HPRegen  0.35/turn              f - +3 ring of protection
MPRegen  0.22/turn              L - ring of positive energy

@: berserking (expiring), very quick
A: [clumsy 2], [dopey 2], high mp 1, [teleportitis 2], [subdued magic 2]
a: no special abilities


You were on level 1 of the Abyss.
You were not hungry.

You visited 2 branches of the dungeon, and saw 18 of its levels.
You visited the Abyss 1 time.
You also visited: Gauntlet.

You collected 1380 gold pieces.


Innate Abilities, Weirdness & Mutations

You have an increased reservoir of magic. (+10% MP)
[You are very clumsy. (Dex -4)]
[You are very dopey. (Int -4)]
[You are sometimes teleported next to monsters.]
[Your spells are easier to cast, but less powerful.]


   Skills:
 - Level 6.3 Fighting
 - Level 1.7 Dodging
 + Level 2.7 Stealth
 - Level 15.0 Shields
 - Level 8.5 Spellcasting
 - Level 9.1 Conjurations
 - Level 6.0 Necromancy
 - Level 6.0 Evocations


You had 13 spell levels left.
You knew the following spells:

 Your Spells              Type           Power        Failure   Level  Hunger
a - Apportation           Tloc           #.....       4%          1    None
r - Regeneration          Chrm/Necr      ##........   3%          3    None
A - Pain                  Necr           ###.         1%          1    None
B - Vampiric Draining     Necr           ###.......   1%          3    None
C - Animate Dead          Necr           N/A          3%          4    ##.....
D - Iskenderun's Mystic   Conj           ####....     1%          4    ##.....

Your spell library contained the following spells:

 Spells                   Type           Power        Failure   Level  Hunger
 Animate Skeleton         Necr           N/A          1%          1    None
 Magic Dart               Conj           ####         1%          1    None
 Searing Ray              Conj           ####..       1%          2    None
 Dazzling Spray           Conj/Hex       ###...       1%          3    None
 Stone Arrow              Conj/Erth      ###...       1%          3    None
 Beastly Appendage        Tmut           #.....       4%          1    None
 Confusing Touch          Hex            #.....       4%          1    None
 Corona                   Hex            #......      4%          1    None
 Infusion                 Chrm           #...         4%          1    None
 Sandblast                Erth           #.....       4%          1    None
 Summon Small Mammal      Summ           #...         4%          1    None
 Ensorcelled Hibernation  Hex/Ice        #.....       6%          2    None
 Passwall                 Tmut/Erth      #.......     6%          2    None
 Shroud of Golubria       Chrm/Tloc      #.........   6%          2    None
 Song of Slaying          Chrm           #.......     6%          2    None
 Sticks to Snakes         Tmut           #.......     6%          2    None
 Force Lance              Conj/Tloc      ###.....     6%          4    ##.....
 Fulminant Prism          Conj/Hex       ###.......   6%          4    ##.....
 Confuse                  Hex            #.......     14%         3    None
 Spectral Weapon          Hex/Chrm       #.......     14%         3    None
 Spider Form              Tmut/Pois      #.........   14%         3    None
 Tukima's Dance           Hex            #.......     14%         3    None
 Cause Fear               Hex            #.........   45%         4    ##.....
 Ice Form                 Ice/Tmut       #.......     45%         4    ##.....
 Petrify                  Tmut/Erth      #.......     45%         4    ##.....
 Blade Hands              Tmut           #.........   83%         5    #####..
 Lee's Rapid Deconstruct  Erth           #.........   83%         5    #####..
 Silence                  Hex/Air        #.........   83%         5    #####..
 Yara's Violent Unravell  Hex/Tmut       #.........   83%         5    #####..
 Deflect Missiles         Chrm/Air       #.........   100%        6    ######.
 Discord                  Hex            #.........   100%        8    #######

Action                   |  1- 3 |  4- 6 |  7- 9 | 10-12 | 13-15 || total
-------------------------+-------+-------+-------+-------+-------++-------
Melee: Dagger            |     1 |    26 |       |       |       ||    27
       Hand axe          |       |     8 |       |       |       ||     8
       Short sword       |       |    56 |   406 |   897 |   319 ||  1678
Throw: Tomahawk          |       |       |     4 |     4 |       ||     8
 Cast: Pain              |    47 |   106 |    78 |    54 |     2 ||   287
       Vampiric Draining |       |     1 |    23 |   120 |    34 ||   178
       Animate Dead      |       |     1 |     4 |    23 |    13 ||    41
       Regeneration      |       |       |     1 |     9 |    14 ||    24
       Iskenderun's Myst |       |       |       |    25 |    32 ||    57
Evoke: Wand              |       |       |     8 |    18 |    10 ||    36
       Lamp of fire      |       |       |       |       |     1 ||     1
  Use: Scroll            |     1 |     2 |    11 |    17 |     2 ||    33
       Potion            |       |       |     2 |     4 |     4 ||    10
 Stab: Sleeping          |       |     1 |     5 |     6 |     1 ||    13
       Distracted        |       |       |       |     5 |     7 ||    12
       Confused          |       |       |       |       |     3 ||     3
  Eat: Chunk             |     2 |    10 |    20 |    36 |    12 ||    80
       Ration            |       |       |     2 |     4 |     1 ||     7
Armor: Robe              |     4 |    32 |    65 |       |    11 ||   112
       Leather armour    |       |       |    24 |   217 |    74 ||   315
       Skin              |       |       |     6 |       |       ||     6
Dodge: Dodged            |     6 |    67 |   147 |   343 |   129 ||   692
Block: Shield            |       |       |   180 |   649 |   277 ||  1106

Inventory:

Hand Weapons
 a - a +3 short sword of electrocution (weapon)
 K - a +3 scimitar of freezing
Missiles
 v - 15 tomahawks (quivered)
Armour
 i - a +2 leather armour of poison resistance
 r - a +1 shield (worn)
 u - a +0 pair of gloves (worn)
 z - a +0 cloak (worn)
 B - a +0 pair of boots (worn)
 D - the +0 scale mail of Philately {rPois Int+2 Dex+5}
   (You found it on level 9 of the Dungeon)

   It affects your intelligence (+2).
   It affects your dexterity (+5).
   It protects you from poison.
 M - the +3 robe of Folly {Archmagi, MR-- Int+5}
   (You found it on level 10 of the Dungeon)

   It affects your intelligence (+5).
   It affects your resistance to hostile enchantments.
 R - a +2 robe of resistance (worn)
Jewellery
 f - a +3 ring of protection (left hand)
 L - a ring of positive energy (right hand)
Wands
 l - a wand of enslavement (7)
 p - a wand of polymorph (6)
 w - a wand of flame (55)
 I - a wand of iceblast (15)
 J - a wand of clouds (1)
 S - a wand of paralysis (7)
Scrolls
 g - 11 scrolls of remove curse
 k - 2 scrolls of enchant armour
 o - 3 scrolls of amnesia
 s - 5 scrolls of immolation
 t - a scroll of fear
 x - 2 scrolls of blinking
 y - a scroll of fog
 A - 4 scrolls of enchant weapon
 G - a scroll of magic mapping
 N - a scroll of silence
Potions
 b - 2 potions of might
 d - 3 potions of heal wounds
 e - 2 potions of cancellation
 h - 6 potions of brilliance
 j - 6 potions of curing
 m - a potion of ambrosia
 n - 2 potions of mutation
 C - 2 potions of agility
 E - 2 potions of haste
 H - 2 potions of flight
 P - a potion of magic {unknown}
Miscellaneous
 q - a phantom mirror
 F - a box of beasts
 T - a lamp of fire (inert)
Comestibles
 c - 40 rations

#.# ##.## #..
# . .......
.. ###.#### #
. .#...#.#..
# #. #...##
#..# .# ####.
# #... .. X
#.w#Λ##... .
#*X#w.#
#...#@#. # .
#..#..###...#
#. # . . # .#
#.# # ##


You could see a tentacled starspawn, a wretched star and 2 starspawn tentacles.

Vanquished Creatures
  A vault guard (D:11)
  3 hydras
  A catoblepas (Lair:6)
  A two-headed ogre (D:9)
  6 death yaks
  An orb spider (Lair:2)
  2 ugly things
  A deep elf mage (D:12)
  4 elephants (Lair:6)
  A manticore (D:11)
  3 black mambas
  Joseph (D:8)
  A gargoyle (D:12)
  7 spiny frogs
  A smoke demon (Abyss:1)
  A rime drake (Lair:2)
  6 komodo dragons
  An ancient zyme (Abyss:1)
  2 trolls
  4 polar bears
  7 blink frogs (Lair:5)
  A slime creature (D:12)
  6 hornets
  7 hippogriffs
  A dream sheep (Lair:6)
  3 small abominations (Abyss:1)
  Sigmund (D:4)
  10 spriggans (Lair:6)
  A shadow (D:12)
  14 yaks
  4 basilisks
  A wraith (D:12)
  2 vampire mosquitoes (D:12)
  2 humans (D:9)
  A golden eye (Abyss:1)
  A hungry ghost (D:7)
  4 wargs
  Duvessa (D:5)
  9 water moccasins
  9 porcupines
  4 orc warriors
  2 sky beasts
  6 black bears
  3 boggarts (Lair:6)
  2 phantoms (D:5)
  7 ogres
  20 wolves
  5 centaurs
  8 crocodiles
  2 big kobolds
  15 bullfrogs
  A wyvern zombie (D:12)
  Dowan (D:5)
  A wyvern skeleton (D:8)
  4 scorpions
  12 wights
  7 howler monkeys
  3 electric eels
  5 crimson imps
  A starcursed mass (Abyss:1)
  A bullfrog zombie (D:5)
  4 jellies
  3 bullfrog skeletons
  A gnoll shaman (D:7)
  8 orc priests
  3 centaur skeletons
  5 hounds
  16 orc wizards
  Jessica (D:3)
  3 iguanas
  Natasha (thrice) (D:2)
  Terence (D:3)
  8 worker ants
  2 hound skeletons
  2 worker ant zombies
  18 adders
  8 gnolls
  2 shadow imps (D:7)
  3 adder skeletons
  An adder zombie (D:8)
  4 worms
  3 dart slugs
  5 leopard geckos
  36 orcs
  10 bats
  4 giant cockroaches
  3 goblins
  6 hobgoblins
  14 jackals
  3 quokkas
  2 frilled lizards
  A jackal skeleton (D:4)
  A jackal zombie (D:6)
  14 kobolds
  4 rats
445 creatures vanquished.

Vanquished Creatures (collateral kills)
  2 hydras
  2 death yaks (Lair:6)
  4 elephants (Lair:6)
  A spiny frog (Lair:3)
  A hornet (Lair:6)
  5 blink frogs (Lair:6)
  A dream sheep (Lair:6)
  2 hippogriffs (D:10)
  3 spriggans (Lair:6)
  A yak (Lair:2)
  A hungry ghost (D:10)
  A water moccasin (Lair:6)
  A sky beast (D:10)
  A black bear (D:10)
  An ogre (D:10)
  A phantom (D:5)
  13 wolves
  3 crocodiles
  3 bullfrogs
  A crimson imp (D:10)
  An orc wizard (D:10)
  2 adders
  6 orcs (D:10)
  3 fungi
  4 plants
64 creatures vanquished.

Vanquished Creatures (others)
  A crimson imp (D:9)
  An orc (D:6)
  9 fungi
  8 plants
  A starspawn tentacle (Abyss:1)
20 creatures vanquished.

Grand Total: 529 creatures vanquished

Levels and vault maps discovered:
D:1:      dpeg_arrival_central, layout_basic, serial_park_tiny_1
D:2:      layout_rooms, first_ration, amethyst_killhole, minivault_24,
          minmay_pentomino_w4, uniq_natasha
D:3:      layout_basic, zin_purify, nicolae_overflow_hidden_temple,
          uniq_jessica, uniq_terence
D:4:      layout_loops_ring, minmay_temple_entry_slanted, fedhas_altar_2,
          uniq_sigmund
D:5:      layout_loops_corners, lemuel_crystal_altar, uniq_duvessa
D:6:      layout_loops_corners, chequers_serial_rivers_micro_c,
          nicolae_underground_beach
D:7:      cheibrodos_quashed, layout_layer_cave, lemuel_blue_sif_altar,
          lemuel_doored_altar
D:8:      layout_loops_ring, old_standard_altar, biasface_ghost_orc_armoury,
          uniq_joseph
D:9:      minmay_curly_fans, layout_long_grid, nicolae_overflow_crystal_walls,
          okawaru_humans, kennysheep_mini_moat, minmay_orc_entry_guard_dogs
D:10:     layout_irregular_city, due_lair_maze_entry_diamond, serial_shops, shop
D:11:     layout_roguey, gauntlet_entry_generic, enter_trove_5
D:12:     layout_basic, serial_rivers, chequers_serial_rivers_marsh,
          chequers_serial_rivers_small_b, chequers_serial_rivers_small_b,
          chequers_serial_rivers_room_a, chequers_serial_rivers_small_a,
          uniq_psyche
Lair:1:   layout_cave_pods, serial_bayou_pond_e, lemuel_fruit_tree
Lair:2:   layout_cave_pods, nicolae_spider_entry_orb_guardian,
          serial_bayou_lake_a, serial_bayou_shore_b
Lair:3:   layout_roguey, minmay_shoals_entry_centaurs, uniq_gastronok
Lair:4:   layout_roguey, beast_lair_carwin_6
Lair:5:   layout_cave_pods, slime_altar_1
Lair:6:   minmay_lair_end_enchanted_forest, layout_long_grid,
          gammafunk_ghost_wrathful_warriors, gammafunk_lair_bear_cave
Abyss:1
Gauntlet: gammafunk_gauntlet_shortcut [nicolae_gauntlet_arena_quarters,
          minmay_gauntlet_arena_make_your_own_arena,
          nicolae_gauntlet_arena_grate_2, gammafunk_gauntlet_arena_arrow_garden,
          nicolae_gauntlet_arena_blocks, gammafunk_gauntlet_arena_chambers,
          nicolae_gauntlet_exit_dead_adventurers]


Message History

* * * LOW HITPOINT WARNING * * *
The starspawn tentacle grabs you.
* * * LOW HITPOINT WARNING * * *
The starspawn tentacle constricts you.
You hear a hideous shriek! x2
You hit the tentacled starspawn but do no damage.
The starspawn tentacle loses its grip on you.
The tentacled starspawn is severely damaged.
You hear a hideous shriek!
You hear an angry hiss.
You block the tentacled starspawn's attack.
The tentacled starspawn engulfs you!
* * * LOW HITPOINT WARNING * * *
The wretched star pulses with an eldritch light!
The starspawn tentacle grabs you. The starspawn tentacle constricts you.
You puncture the tentacled starspawn!
Lightning courses through the tentacled starspawn!
The starspawn tentacle loses its grip on you.
The tentacled starspawn is almost destroyed.
The tentacled starspawn bites you!!
You die...

Notes
Turn   | Place    | Note
-------+----------+-------------------------------------------
     0 | D:1      | Orphidia the Demigod Necromancer began the quest for the
                  | Orb.
     0 | D:1      | Reached XP level 1. HP: 14/14 MP: 5/5
   486 | D:1      | Reached XP level 2. HP: 17/20 MP: 1/7
   930 | D:2      | Reached XP level 3. HP: 17/26 MP: 3/9
  1399 | D:2      | Reached XP level 4. HP: 31/33 MP: 9/11
  1412 | D:2      | Noticed Natasha
  1476 | D:2      | Learned a level 3 spell: Vampiric Draining
  1481 | D:2      | Learned a level 4 spell: Animate Dead
  1622 | D:2      | Killed Natasha
  1912 | D:2      | Noticed Natasha
  1922 | D:2      | Killed Natasha
  1922 | D:2      | Reached XP level 5. HP: 28/38 MP: 7/13
  2120 | D:2      | Noticed Natasha
  2131 | D:2      | Killed Natasha
  2131 | D:2      | Reached skill level 5 in Necromancy
  2408 | D:3      | Found a glowing silver altar of Zin.
  2409 | D:3      | Found Zin's Purification Station.
  2978 | D:3      | Noticed Jessica
  2981 | D:3      | Killed Jessica
  3081 | D:3      | Found an ancient bone altar of Kikubaaqudgha.
  3086 | D:3      | Noticed Terence
  3093 | D:3      | Killed Terence
  3369 | D:4      | Reached XP level 6. HP: 45/45 MP: 15/15
  3587 | D:4      | Found a blossoming altar of Fedhas.
  3734 | D:4      | Reached skill level 1 in Fighting
  3979 | D:4      | Found a staircase to the Ecumenical Temple.
  3981 | D:4      | Noticed Sigmund
  4549 | D:4      | Reached XP level 7. HP: 56/57 MP: 13/16
  4716 | D:5      | Entered Level 5 of the Dungeon
  5086 | D:5      | Reached skill level 5 in Fighting
  5237 | D:5      | Learned a level 3 spell: Regeneration
  5240 | D:5      | Learned a level 1 spell: Apportation
  5248 | D:5      | Found a glowing golden altar of the Shining One.
  5514 | D:5      | Noticed Duvessa
  5514 | D:5      | Noticed Dowan
  5541 | D:5      | Killed Duvessa
  5548 | D:5      | Killed Dowan
  5548 | D:5      | Reached skill level 1 in Shields
  5548 | D:5      | Reached XP level 8. HP: 35/70 MP: 1/17
  5826 | D:5      | Reached skill level 2 in Shields
  5839 | D:5      | Reached skill level 3 in Shields
  5974 | D:5      | Noticed a troll
  6170 | D:5      | Reached skill level 4 in Shields
  7416 | D:6      | Reached skill level 5 in Shields
  7658 | D:7      | Reached skill level 6 in Shields
  8123 | D:7      | Reached XP level 9. HP: 53/75 MP: 14/18
  8282 | D:7      | Reached skill level 7 in Shields
  8391 | D:7      | Found a hazy altar of Hepliaklqana.
  9210 | D:7      | Found a deep blue altar of Sif Muna.
  9265 | D:8      | Reached skill level 8 in Shields
  9671 | D:8      | Found a runed translucent gate.
  9672 | D:8      | Found a runed translucent gate.
  9672 | D:8      | Identified the cursed +0 halberd of Yghel {speed, Str+6}
  9672 | D:8      | Identified the cursed +0 chain mail "Oboenos" {+Blink rF-
                  | Int+6 Dex+6}
  9672 | D:8      | Noticed Tovarisch's ghost (novice TrMo)
  9674 | D:8      | Found a runed translucent gate.
  9681 | D:8      | Found a roughly hewn altar of Beogh.
  9774 | D:8      | Found a shattered altar of Ashenzari.
  9999 | D:8      | Noticed Joseph
 10016 | D:8      | Killed Joseph
 10016 | D:8      | Reached skill level 9 in Shields
 10513 | D:9      | Found a staircase to the Orcish Mines.
 10649 | D:9      | Noticed a brown ugly thing
 10660 | D:9      | Killed a brown ugly thing
 10721 | D:9      | Got a faintly glowing scale mail
 10752 | D:9      | Identified the +0 scale mail of Philately {rPois Int+2
                  | Dex+5} (You found it on level 9 of the Dungeon)
 10846 | D:9      | Reached skill level 10 in Shields
 11039 | D:9      | Found a radiant altar of Vehumet.
 11167 | D:9      | Reached XP level 10. HP: 64/83 MP: 9/19
 11252 | D:9      | Found an iron altar of Okawaru.
 11547 | D:9      | Found a stormy altar of Qazlal.
 11569 | D:9      | Noticed a two-headed ogre
 11578 | D:9      | Killed a two-headed ogre
 11578 | D:9      | Reached skill level 11 in Shields
 11669 | D:10     | Entered Level 10 of the Dungeon
 11790 | D:10     | Found a staircase to the Lair.
 12071 | D:10     | Reached skill level 12 in Shields
 12471 | D:10     | Found the +3 robe of Folly {Archmagi, MR-- Int+5}
 12483 | D:10     | Learned a level 4 spell: Iskenderun's Mystic Blast
 12598 | D:10     | Found Tylew's Jewellery Shop.
 13073 | D:11     | Noticed a manticore
 13083 | D:11     | Killed a manticore
 13233 | D:11     | Found a gate leading to a gauntlet.
 13243 | Gauntlet | Entered a Gauntlet
 13243 | Gauntlet | Found a transporter.
 13243 | Gauntlet | Found a transporter.
 13243 | Gauntlet | Found a transporter.
 13243 | Gauntlet | Noticed an apocalypse crab
 13409 | Gauntlet | Found a transporter.
 13499 | D:11     | Reached XP level 11. HP: 45/89 MP: 13/20
 13500 | D:11     | Reached skill level 13 in Shields
 13900 | D:11     | You fall through a shaft!
 14699 | D:11     | Noticed a vault guard
 14852 | D:11     | Killed a vault guard
 14852 | D:11     | Reached skill level 14 in Shields
 15003 | D:11     | Found a portal to a secret trove of treasure.
 15192 | D:12     | Noticed Psyche
 15268 | D:12     | Reached skill level 1 in Evocations
 15684 | D:12     | Noticed a death knight
 15684 | D:12     | Noticed a skeletal warrior
 15839 | Lair:1   | Entered Level 1 of the Lair of Beasts
 17519 | Lair:2   | Reached skill level 5 in Evocations
 17691 | Lair:2   | Found a hole to the Spider Nest.
 17699 | Lair:2   | Reached XP level 12. HP: 96/96 MP: 21/21
 18399 | Lair:3   | Found a staircase to the Shoals.
 18412 | Lair:3   | Reached skill level 15 in Shields
 18649 | Lair:3   | Reached skill level 1 in Conjurations
 19549 | Lair:3   | Noticed Gastronok
 19732 | Lair:3   | Reached skill level 5 in Conjurations
 20579 | Lair:4   | Noticed a seven-headed hydra
 20587 | Lair:4   | Killed a seven-headed hydra
 21360 | Lair:5   | Found a staircase to the Slime Pits.
 21361 | Lair:5   | Found a viscous altar of Jiyva.
 21565 | Lair:5   | Noticed a five-headed hydra
 21570 | Lair:5   | Killed a five-headed hydra
 22486 | Lair:6   | Entered Level 6 of the Lair of Beasts
 22564 | Lair:6   | Noticed a six-headed hydra
 22567 | Lair:6   | Found a transporter.
 22569 | Lair:6   | Noticed a seven-headed hydra
 22577 | Lair:6   | Killed a six-headed hydra
 22684 | Lair:6   | Killed a seven-headed hydra
 22704 | Lair:6   | Reached XP level 13. HP: 101/101 MP: 6/23
 22800 | Lair:6   | Reached skill level 5 in Spellcasting
 23236 | Lair:6   | Found a transporter.
 24595 | Lair:6   | Found a bloodstained altar of Trog.
 24595 | Lair:6   | Identified the cursed +1 trident "Roschioc" {elec, rC+
                  | Str+4 Dex+4}
 24596 | Lair:6   | Noticed Hexkurph's ghost (journeyman DgWn)
 25097 | D:4      | Killed Sigmund
 25364 | D:12     | Cast into level 1 of the Abyss (Psyche)
 25633 | Abyss:1  | Noticed an ancient lich
 25646 | Abyss:1  | Noticed a lich
 25690 | Abyss:1  | Found a corrupted altar of Lugonu.
 25752 | Abyss:1  | Noticed a starcursed mass
 25920 | Abyss:1  | Noticed a tentacled starspawn
 25936 | Abyss:1  | HP: 5/153 [tentacled starspawn (13)]
 25937 | Abyss:1  | Annihilated by a tentacled starspawn
